AoeStats
← Sid

MegaRandom

509294247Analyzed
2v2 RM · 5d ago on Sep 26, 2026· 16m 24s· 4 players
Game mode
Random Map
Map size
Medium (4 player)
Population
200
Speed
Normal
Resources
Standard
Victory
Conquest
Starting age
Dark Age
Ending age
Imperial Age
RankedLock teamsTeams togetherTeam positionsShared explorationLock speedFull tech treeHidden civsTurbo modeCheats
Victory
Defeat
🇯🇵 Vikings · Japan
1339
+13
🇯🇵 Varangians · Japan
1302
+15
🇦🇷 Huns · Argentina
1297
-15
🇩🇪 Berbers · Germany
1261
-13
Cleopatra
10:10 Feudal Age
13:12 Loom
15:49 Castle Age
Dine'nDash
2:29 Loom
11:38 Feudal Age
12:16 Horse Collar
fumin.jp
6:03 Loom
9:44 Feudal Age
10:28 Double-Bit Axe
14:15 Fletching
14:26 Padded Archer Armor
Sid
5:54 Loom
6:19 Loom
8:54 Feudal Age
10:30 Double-Bit Axe
12:04 Bloodlines
13:36 Horse Collar
Connection lost

Rejoining the realm…

Still unreachable

The connection could not be restored.

Session expired

The server has moved on; the page needs a fresh start.